 Dungeon Crawl Stone Soup version 0.29.1-2-gbd0b4ee654 (webtiles) character file.

Game seed: 8494377298990120493

51 Hiippo the Insei (level 3, -1/27 HPs)
             Began as a Merfolk Transmuter on Nov 29, 2022.
             Slain by an adder (3 damage)
             ... on level 2 of the Dungeon.
             The game lasted 00:06:51 (2249 turns).

Hiippo the Insei (Merfolk Transmuter)               Turns: 2249, Time: 00:06:52

Health: -1/27      AC:  2    Str: 12    XL:     3   Next: 83%
Magic:  6/6        EV: 13    Int: 12    God:
Gold:   63         SH:  0    Dex: 14    Spells: 3/6 levels left

rFire   . . .      SeeInvis .     - Unarmed
rCold   . . .      Faith    .   (no shield)
rNeg    . . .      Spirit   .   a - +0 robe
rPois   .          Reflect  .   (helmet currently unavailable)
rElec   .          Harm     .   (no cloak)
rCorr   .          Rampage  .   (no gloves)
Will    .....                   (boots currently unavailable)
Stlth   +.........              (no amulet)
HPRegen 0.09/turn               (no ring)
MPRegen 0.10/turn               (no ring)

@: appendages (expiring)
A: horns 2, (nimble swimmer 2), mertail
a: End Transformation


You were on level 2 of the Dungeon.
You had temporarily grown beastly horns.
You visited 1 branch of the dungeon, and saw 2 of its levels.

You collected 63 gold pieces.

Inventory:

Armour
 a - a +0 robe (worn)
 d - a +0 leather armour
Scrolls
 f - 3 scrolls of teleportation
 g - a scroll of blinking {unknown}
 h - a scroll of butterflies {unknown}
Potions
 b - a potion of lignification
 c - a potion of curing {unknown}
 e - a potion of attraction


   Skills:
 + Level 2.0 Fighting
 - Level 3.1 Dodging
 + Level 3.7 Unarmed Combat
 + Level 2.4 Spellcasting
 + Level 3.4 Transmutations


You had 3 spell levels left.
You knew the following spells:

 Your Spells              Type           Power      Damage    Failure   Level
a - Beastly Appendage     Tmut           18%        N/A       6%          1
b - Wereblood             Tmut           9%         N/A       10%         2

Your spell library contained the following spells:

 Spells                   Type           Power      Damage    Failure   Level
 Spider Form              Tmut/Pois      5%         N/A       36%         3
 Ice Form                 Ice/Tmut       5%         N/A       77%         4


Dungeon Overview and Level Annotations

Branches:
Dungeon (2/15)

Altars:
Gozag


Innate Abilities, Weirdness & Mutations

You have temporarily grown beastly horns.
((You are very nimble when in or above water. (Stealth+, EV+, Speed+++)))
Your lower body shifts to a powerful aquatic tail in water.


Message History

The goblin hits you but does no damage. The adder bites you.
You are poisoned.
The adder poisons you!
You closely miss the adder.
You feel sick. The adder barely misses you. The goblin closely misses you.
You closely miss the adder.
You feel sick. The goblin closely misses you.
You are too injured to fight recklessly!
You are too injured to fight recklessly!
You are too injured to fight recklessly!
You are too injured to fight recklessly!
The goblin attacks as you move away! The goblin barely misses you.
You feel sick. The adder bites you. The adder attacks as you move away!
The adder bites you.
* * * LOW HITPOINT WARNING * * *
You feel sick.
You are no longer poisoned.
Your horns disappear.
The ball python attacks as you move away!
The ball python bites you but does no damage.
The ball python closely misses you. The adder attacks as you move away!
The adder bites you.
* * * LOW HITPOINT WARNING * * *
The adder attacks as you move away! The adder closely misses you.
Casting: Beastly Appendage (safe; 6% risk of failure)
Press: ? - help, Q - select action, (/) - cycle Dir - look around, f - activate Look: an adder You grow a pair of large bovine horns.
The adder bites you.
* * * LOW HITPOINT WARNING * * *
The adder barely misses you. The adder barely misses you.
The adder attacks as you move away! The adder bites you.
* * * LOW HITPOINT WARNING * * *
The adder attacks as you move away! The adder completely misses you.
Your transformation is almost over.
The adder barely misses you. The adder attacks as you move away!
The adder closely misses you. The adder misses you. The adder bites you.
You die...

#.# #.# #.# #.#
##############.## #####
#............... )....
###.############.# #####
#......#########.#########
#...g..SS@................
#.....B.#######.##########
###....†..# #.#
#........)# #.#
######.#######.# #.#
........S.Bg.#.# ###.#
####.#######.#.###.....#
##...# #.#.....# ..#
#..### ###.B..#


You could see an adder, a giant cockroach, a goblin and a ball python.

Vanquished Creatures
  An adder (D:2)
  2 dart slugs (D:1)
  2 ball pythons
  8 endoplasms
  3 giant cockroaches (D:1)
  2 goblins
  2 hobgoblins
  2 jackals (D:1)
  2 quokkas (D:1)
  4 bats
  A frilled lizard (D:1)
  3 kobolds (D:1)
  3 rats (D:1)
35 creatures vanquished.

Notes
Turn   | Place    | Note
-------+----------+-------------------------------------------
     0 | D:1      | Hiippo the Merfolk Transmuter began the quest for the Orb.
     0 | D:1      | Reached XP level 1. HP: 15/15 MP: 3/3
   441 | D:1      | Reached XP level 2. HP: 20/21 MP: 3/5
   444 | D:1      | Learned a level 2 spell: Wereblood
  1053 | D:1      | Reached XP level 3. HP: 26/26 MP: 4/6
  2198 | D:2      | Found an opulent altar of Gozag.
  2233 | D:2      | HP: 1/27 [adder (2)]
  2240 | D:2      | HP: 1/27 [adder (1)]
  2249 | D:2      | Slain by an adder

Illustrated notes

Levels and vault maps discovered:
D:1:      dpeg_arrival_rooms_with_view, layout_loops_ring
D:2:      layout_basic, basic_altar, nicolae_ecumenical_snake_handling

Skill      XL: |  1  2  3 |
---------------+----------+-----
Dodging        | 3 |  3.1
Transmutations | 3 |  3.4
Fighting       | 2 |  2.0
Unarmed Combat | |  3.7
Spellcasting   | |  2.4

Action                   || total
-------------------------++-------
Melee: Unarmed           ||    98
       Headbutt          ||    16
       Punch             ||     1
 Cast: Beastly Appendage ||    26
  Use: Scroll            ||     4
       Potion            ||     1
 Stab: Sleeping          ||     2
Armor: Robe              ||    24
Dodge: Dodged            ||    68
